 Dungeon Crawl Stone Soup version 0.22.1-6-g1668fe2c40 (webtiles) character file.

609 Kohma the Shield-Bearer (level 7, -1/35 HPs)
             Began as a Vine Stalker Fighter on Jan 22, 2019.
             Was an Initiate of Gozag.
             Slain by an orc
             ... wielding a +3 flail
              (6 damage)
             ... on level 5 of the Dungeon.
             The game lasted 00:18:27 (4125 turns).

Kohma the Shield-Bearer (Vine Stalker Fighter)      Turns: 4125, Time: 00:18:28

Health: -1/35      AC:  8    Str: 20    XL:     7   Next: 43%
Magic:  0/8        EV: 17    Int:  8    God:    Gozag
Gold:   584        SH:  9    Dex: 19    Spells: 6/6 levels left

rFire    . . .     SeeInvis .   a - +1 long sword
rCold    . . .     Gourm    .   v - +3 buckler
rNeg     . . .     Faith    .   b - +0 scale mail
rPois    .         Spirit   +   (no helmet)
rElec    .         Reflect  .   l - +0 cloak
rCorr    .         Harm     .   (no gloves)
MR       .....                  (no boots)
Stlth    +.........             (no amulet)
HPRegen  0.51/turn              y - +3 ring of evasion
MPRegen  0.11/turn              (no ring)

@: agile, very slow
A: fangs 2, regeneration 1, magic shield, antimagic bite, no potion heal 3, rot
immunity
a: Potion Petition, Call Merchant, Bribe Branch, Renounce Religion


You were on level 5 of the Dungeon.
You worshipped Gozag.
Gozag was pleased with you.
You were not hungry.

You visited 1 branch of the dungeon, and saw 6 of its levels.
You visited the Abyss 1 time.

You collected 613 gold pieces.
You paid 29 gold pieces to Gozag.

Inventory:

Hand Weapons
 a - a +1 long sword (weapon)
 K - a cursed -3 hand crossbow
Missiles
 o - 157 stones (quivered)
 q - 75 sling bullets
 L - 11 bolts
 M - 5 javelins
Armour
 b - a +0 scale mail (worn)
 c - a +0 shield
 l - a +0 cloak (worn)
 s - a +0 buckler
 v - a +3 buckler (worn)
Jewellery
 y - a +3 ring of evasion (left hand)
Wands
 e - a wand of flame (56)
 F - a wand of paralysis (8)
Scrolls
 h - 2 scrolls of immolation
 i - 3 scrolls of teleportation
 j - 2 scrolls of enchant armour
 k - 2 scrolls of enchant weapon
 m - 2 scrolls of magic mapping
 p - 2 scrolls of remove curse
 D - a scroll of fog {unknown}
 G - a scroll of random uselessness {unknown}
 H - a scroll of blinking
 J - a scroll of amnesia {unknown}
Potions
 d - 3 potions of curing
 g - 4 potions of lignification
 n - 3 potions of brilliance
 r - a potion of invisibility {unknown}
 t - a potion of flight {unknown}
 u - 2 potions of heal wounds {unknown}
 w - 2 potions of haste {unknown}
 x - 3 potions of agility
 A - 2 potions of resistance {unknown}
 B - a potion of might
 E - a potion of ambrosia {unknown}
 I - a potion of cancellation {unknown}
Comestibles
 f - 10 rations


   Skills:
 - Level 2.6 Fighting
 + Level 4.3 Long Blades
 + Level 4.5 Armour
 + Level 4.8 Shields


You had 6 spell levels left.
You didn't know any spells.
Your spell library was empty.

Dungeon Overview and Level Annotations

Branches:
Dungeon (6/15)
 Temple: D:4-7

Altars:
Cheibriados
Gozag
Nemelex Xobeh
Ru
Uskayaw
Xom


Innate Abilities, Weirdness & Mutations

You have extremely sharp teeth.
Your natural rate of healing is unusually fast.
When hurt, damage is shared between your health and your magic reserves.
Your bite disrupts and absorbs the magic of your enemies.
Potions cannot restore your health.
You are immune to rotting.


Message History

The orc hits you but does no damage.
You hit the orc but do no damage. You bite the orc. You drain its power.
You feel invigorated.
The orc is almost dead.
The orc warrior hits you with a war axe!
* * * LOW HITPOINT WARNING * * *
You block the orc warrior's attack.
The orc hits you with a morningstar of protection!
* * * LOW HITPOINT WARNING * * *
The orc completely misses you.
You climb upwards.
There is a stone staircase leading down here.
You block the orc's attack. The orc hits you but does no damage.
You feel agile all of a sudden. The orc warrior misses you.
The orc barely misses you.
You enter the shallow water.
Moving in this stuff is going to be slow.
The orc hits you with an enchanted flail!
You die...
Your body crumbles into a pile of gold.

.....########### ###
..>....##......# #############.#
...###.##.####.####..............
#.##......# #.##≈≈≈≈≈#########.#
..##.#.#######(#≈≈...≈≈# #.#
..............>.≈..§§.≈# #.#
######.##.####o#o.§§§.≈########.#
##.#...##..o≈.....≈#.....##.#
#####.........#.@≈...≈≈#.....##.#
......#....##...#≈≈≈≈≈.......##.#
#####...#.####...............##.#
..# ##.#### ##########......##.#
..####.# #.........# .......#
####.###..# ..###### #.# #..# ..#
#.# #..# ####### ######.###..#


You could see an orc warrior and 2 orcs.

Vanquished Creatures
  Sigmund (D:1)
  A sky beast (D:5)
  A howler monkey (D:4)
  A gnoll shaman (D:5)
  A centaur skeleton (D:4)
  An iguana (D:5)
  2 worker ants
  5 adders
  2 shadow imps
  3 oozes
  9 dart slugs
  2 leopard geckos (D:5)
  9 orcs
  A ball python (D:4)
  4 bats (D:1)
  2 giant cockroaches
  7 hobgoblins
  5 jackals
  3 quokkas (D:2)
  A frilled lizard (D:2)
  8 goblins
  9 kobolds
  11 rats
89 creatures vanquished.

Vanquished Creatures (others)
  A hound skeleton (D:5)
  An adder skeleton (D:5)
2 creatures vanquished.

Grand Total: 91 creatures vanquished

Notes
Turn   | Place    | Note
-------+----------+-------------------------------------------
     0 | D:1      | Kohma the Vine Stalker Fighter began the quest for the Orb.
     0 | D:1      | Reached XP level 1. HP: 11/11 MP: 2/2
   105 | D:1      | Reached XP level 2. HP: 16/16 MP: 3/3
   476 | D:1      | Reached XP level 3. HP: 17/19 MP: 4/4
   803 | D:2      | Noticed Sigmund
   825 | D:1      | Killed Sigmund
   825 | D:1      | Gained mutation: Your natural rate of healing is unusually
                  | fast. [Vine Stalker growth]
   825 | D:1      | Reached XP level 4. HP: 5/23 MP: 2/5
   825 | D:1      | Reached XP level 5. HP: 6/27 MP: 2/6
   971 | D:2      | Found an opulent altar of Gozag.
  1017 | D:2      | Became a worshipper of Gozag Ym Sagoz the Greedy
  1051 | D:2      | Reached XP level 6. HP: 31/32 MP: 7/7
  1079 | D:2      | Found a sparkling altar of Nemelex Xobeh.
  1872 | D:3      | Found a hide-covered altar of Uskayaw.
  2250 | D:3      | Found a sacrificial altar of Ru.
  3066 | D:4      | Found a snail-covered altar of Cheibriados.
  3161 | D:5      | Entered Level 5 of the Dungeon
  3177 | D:5      | Got a bloodstained dagger
  3372 | D:5      | Reached XP level 7. HP: 34/35 MP: 6/8
  3431 | D:5      | Found a shimmering altar of Xom.
  3781 | D:2      | Identified the cursed +0 dagger "Xom's Flight of Fancy"
                  | {distort, rPois MR+} (You found it on level 5 of the
                  | Dungeon)
  3783 | D:2      | Cast into level 2 of the Abyss (a distortion unwield)
  3845 | D:2      | Escaped the Abyss
  4119 | D:6      | HP: 1/35 [orc/morningstar of protection (8)]
  4125 | D:5      | Slain by an orc

Skill      XL: |  1  2  3  4  5  6 |
---------------+-------------------+-----
Long Blades    | 2 3 4 |  4.3
Shields        | 3 4 |  4.8
Armour         | 3 4 |  4.5
Fighting       | |  2.6

Action                   |  1- 3 |  4- 6 |  7- 9 || total
-------------------------+-------+-------+-------++-------
Melee: Long sword        |    63 |   135 |    57 ||   255
       Bite              |    16 |    36 |    15 ||    67
  Use: Potion            |     1 |       |     1 ||     2
       Scroll            |       |    12 |     2 ||    14
 Stab: Distracted        |       |       |     1 ||     1
  Eat: Chunk             |       |     1 |       ||     1
       Ration            |       |     2 |     1 ||     3
Armor: Scale mail        |    24 |    31 |    13 ||    68
       Ring mail         |       |    10 |       ||    10
Dodge: Dodged            |    20 |    52 |    27 ||    99
Block: Shield            |    44 |    14 |       ||    58
       Buckler           |       |    38 |    24 ||    62
       Rpst.: Long sword |     9 |    13 |     6 ||    28
